 Dungeon Crawl Stone Soup version 0.31-a0-517-g48e1739 (webtiles) character file.

Game seed: 7338501841452574171

56 Dorkslayer the Shield-Bearer (level 3, -3/36 HPs)
             Began as a Troll Fighter on Aug 10, 2023.
             Slain by a worm (8 damage)
             ... on level 2 of the Dungeon.
             The game lasted 00:02:42 (1170 turns).

Dorkslayer the Shield-Bearer (Troll Fighter)        Turns: 1170, Time: 00:02:42

Health: -3/36      AC:  4    Str: 24    XL:     3   Next: 71%
Magic:  2/2        EV:  9    Int:  4    God:
Gold:   138        SH:  8    Dex: 11    Spells: 2/2 levels left

rFire   . . .        a - +0 flail
rCold   . . .        c - +0 kite shield
rNeg    . . .        b - +0 robe
rPois   .            (helmet restricted)
rElec   .            (no cloak)
rCorr   .            (gloves unavailable)
SInv    .            (boots unavailable)
Will    .....        (no amulet)
Stlth   +            (no ring)
HPRegen 1.06/turn    (no ring)
MPRegen 0.08/turn

%: no passive effects
@: no status effects
A: large, unfitting armour, claws 3, regeneration 1, shaggy fur 1, tough skin 1
a: no special abilities


You were on level 2 of the Dungeon.
You visited 1 branch of the dungeon, and saw 2 of its levels.

You collected 138 gold pieces.

Inventory:

Hand Weapons
 a - a +0 flail (weapon)
Missiles
 f - 4 curare-tipped darts (quivered)
Armour
 b - a +0 robe (worn)
 c - a +0 kite shield (worn)
Scrolls
 e - 3 scrolls of vulnerability {unknown}
 g - a scroll of silence {unknown}
 h - 2 scrolls of immolation {unknown}
 i - a scroll of identify {unknown}
Potions
 d - a potion of might
 j - a potion of curing {unknown}


   Skills:
 + Level 2.8 Fighting
 + Level 2.5 Maces & Flails
 * Level 0.4 Throwing
 + Level 2.8 Dodging
 + Level 3.0 Shields


You had 2 spell levels left.
You didn't know any spells.
Your spell library contained the following spells:

 Spells                   Type           Power      Damage    Failure   Level
 Necrotise                Necr           0%         1d4       77%         1
 Vampiric Draining        Necr           0%         2d6       98%         3
 Agony                    Necr           0%         N/A       100%        5


Dungeon Overview and Level Annotations

Branches:
Dungeon (2/15)

Altars:
Cheibriados


Innate Abilities, Weirdness & Mutations

You are too large for most types of armour.
You have claws for hands.
Your natural rate of healing is unusually fast.
You are covered in fur. (AC +1)
You have tough skin. (AC +1)


Message History

You hit the kobold but do no damage. The kobold closely misses you. x2
You thump the kobold!
You kill the kobold!
The worm bites you!
You see here a +0 short sword.
The worm bites you!
You hit the worm.
The worm is lightly wounded.
The worm bites you!
You thump the worm!
The worm is severely wounded.
The worm bites you.
* * * LOW HITPOINT WARNING * * *
You barely miss the worm.
The worm is severely wounded.
The worm bites you but does no damage.
You barely miss the worm.
The worm is heavily wounded.
The worm bites you.
You hit the worm.
The worm is severely wounded.
The worm bites you.
* * * LOW HITPOINT WARNING * * *
You sock the worm!
The worm is almost dead.
You barely miss the worm.
The worm is almost dead.
The worm bites you.
* * * LOW HITPOINT WARNING * * *
You hit the worm but do no damage.
The worm is almost dead.
You block the worm's attack.
You barely miss the worm.
The worm is almost dead.
The worm bites you.
* * * LOW HITPOINT WARNING * * *
You hit the worm.
The worm is almost dead.
The worm bites you!
You die...

#......#####. ..
##...##...... #.#
##..##....†. #####..
#..##...... .......
##.###...... .......
#.##..######### .......
#......# #
.......######.#.#
.......@## #.#.#
........w# #.#.########
.......#)## #.#........#
########..###.########..
##.....# ### ###...# #
#..#.# ### ##.##.# ##..
#..##.#######..#


You could see a worm.

Vanquished Creatures
  An adder (D:2)
  2 dart slugs (D:1)
  3 ball pythons
  5 bats
  3 endoplasms (D:1)
  A giant cockroach (D:1)
  4 goblins (D:1)
  5 hobgoblins
  4 jackals (D:1)
  A quokka (D:1)
  3 frilled lizards
  2 kobolds
  4 rats (D:1)
38 creatures vanquished.

Notes
Turn   | Place    | Note
-------+----------+-------------------------------------------
     0 | D:1      | Dorkslayer the Troll Fighter began the quest for the Orb.
     0 | D:1      | Reached XP level 1. HP: 22/22 MP: 0/0
   198 | D:1      | Reached XP level 2. HP: 29/29 MP: 1/1
   571 | D:1      | Reached skill level 3 in Shields
   583 | D:1      | Found a faded altar of an unknown god.
   608 | D:1      | Reached XP level 3. HP: 36/36 MP: 2/2
  1026 | D:2      | Found a snail-covered altar of Cheibriados.
  1170 | D:2      | Slain by a worm

Illustrated notes

Levels and vault maps discovered:
D:1:      minmay_arrival_shattered_statue, layout_loops_corners,
          hellmonk_ecumenical_altar_zigzags, minmay_unequal
D:2:      layout_rooms, basic_altar, serial_shops, nicolae_shop_trees

Skill      XL: |  1  2 |
---------------+-------+-----
Maces & Flails | 2 |  2.5
Shields        | 3 |  3.0
Fighting       | |  2.8
Throwing       | |  0.4
Dodging        | |  2.8

Action                     || total
---------------------------++-------
  Melee: Flail             ||   144
 Armour: Robe              ||    77
  Dodge: Dodged            ||    46
  Block: Kite shield       ||    76

Table legend: (Time is in decaauts)
 A = Elapsed time spent in this place.
 B = Non-inter-level travel time spent in this place.
 C = Inter-level travel time spent in this place.
 D = Time resting spent in this place.
 E = Time spent auto-exploring this place.
 F = Levels seen in this place.
 G = Mean time per level.
                   A        B        C        D        E       F      G
               +--------+--------+--------+--------+--------+-----+--------+
         Total |   1229 |   1229 |      0 |      0 |    528 |   2 |  614.5 |
       Dungeon |   1229 |   1229 |      0 |      0 |    528 |   2 |  614.5 |
               +--------+--------+--------+--------+--------+-----+--------+

Top non-repeatable levels by time:
     D:1: 1010 daAuts
     D:2: 219 daAuts
